3AA
MARQUETTE MINERS @ SQUIRREL HILL PIEROGIS
09/17/2041
 
TOP OF THE 1ST
Marquette Miners batting - Pitching for Squirrel Hill Pierogis : RHP Paco Gómez
Pitching: RHP Paco Gómez
Batting: LHB Bob Blough 0-0: Called Strike
0-1: Foul Ball, location: 2F
0-2: Ball
1-2: Strikes out swinging
Batting: LHB Leslie Small 0-0: Ball
1-0: Ball
2-0: Ball
3-0: Foul Ball, location: 2F
3-1: Base on Balls
Batting: LHB Wyatt Quick 0-0: Called Strike
0-1: Ball
1-1: Ball
2-1: Foul Ball, location: 2F
2-2: Strikes out swinging
Batting: LHB Steve Chittick 0-0: Foul Ball, location: 2F
0-1: Called Strike
0-2: Fly out, F7 (Flyball, 78D, EV 86.2 MPH)
Top of the 1st over - 0 runs, 0 hits, 0 errors, 1 left on base; Marquette 0 - Squirrel Hill 0
BOTTOM OF THE 1ST
Squirrel Hill Pierogis batting - Pitching for Marquette Miners : RHP Larry Henderson
Pitching: RHP Larry Henderson
Batting: LHB Luis Escribano 0-0: Foul Ball, location: 2F
0-1: Foul Ball, location: 2F
0-2: SINGLE (Line Drive, 8LS, EV 111.9 MPH)
Batting: RHB Ramón Gabriel 0-0: Ball
1-0: Foul Ball, location: 2F
1-1: Ball
2-1: Fly out, F6 (Popup, 4M, EV 66.9 MPH)
Batting: SHB Aubrey Magee 0-0: SINGLE (Flyball, 7S, EV 90.0 MPH)
Luis Escribano to second
Batting: RHB Jerry Williams 0-0: Ball
Luis Escribano steals 3rd base
1-0: Called Strike
1-1: Ball
2-1: Called Strike
2-2: Ball
3-2: Grounds into double play, 4-6-3 (Groundball, 4, EV 109.4 MPH)
Bottom of the 1st over - 0 runs, 2 hits, 0 errors, 1 left on base; Marquette 0 - Squirrel Hill 0
TOP OF THE 2ND
Marquette Miners batting - Pitching for Squirrel Hill Pierogis : RHP Paco Gómez
Batting: RHB Kiril Neuvel 0-0: Ball
1-0: Ball
2-0: Ball
3-0: Base on Balls
Batting: LHB Eric Manchester 0-0: Ball
1-0: Ball
2-0: Ball
3-0: Base on Balls
Kiril Neuvel to second
Batting: RHB Jesús Méndez 0-0: Ball
1-0: Foul Ball, location: 2F
1-1: Ball
2-1: SINGLE (Groundball, 3S, EV 81.2 MPH) (infield hit)
Kiril Neuvel to third
Eric Manchester to second
Batting: RHB Martin Payton 0-0: Ball
1-0: Foul Ball, location: 2F
1-1: Ball
2-1: Ball
3-1: Swinging Strike
3-2: Grounds into double play, 6-4-3 (Groundball, 6, EV 81.9 MPH)
Kiril Neuvel scores
Eric Manchester to third
Batting: RHB Kent Potter 0-0: Called Strike
0-1: Ball
1-1: Called Strike
1-2: Ball
2-2: Strikes out swinging
Top of the 2nd over - 1 run, 1 hit, 0 errors, 1 left on base; Marquette 1 - Squirrel Hill 0
BOTTOM OF THE 2ND
Squirrel Hill Pierogis batting - Pitching for Marquette Miners : RHP Larry Henderson
Batting: LHB Adam Bisset 0-0: Called Strike
0-1: Called Strike
0-2: SINGLE (Line Drive, 6D, EV 95.6 MPH)
Batting: RHB Barend Huijbregts 0-0: Ball
1-0: Ball
2-0: Swinging Strike
2-1: Grounds into double play, 5-4-3 (Groundball, 56, EV 103.8 MPH)
Batting: LHB Ramiro Palmeiro 0-0: Fly out, F3 (Popup, 3S, EV 72.5 MPH)
Bottom of the 2nd over - 0 runs, 1 hit, 0 errors, 0 left on base; Marquette 1 - Squirrel Hill 0
TOP OF THE 3RD
Marquette Miners batting - Pitching for Squirrel Hill Pierogis : RHP Paco Gómez
Batting: LHB Bob Blough 0-0: Ball
1-0: Foul Ball, location: 2F
1-1: Ball
2-1: Swinging Strike
2-2: SINGLE (Flyball, 9S, EV 86.9 MPH)
Batting: LHB Leslie Small 0-0: Ball
1-0: Ball
2-0: Swinging Strike
2-1: Foul Ball, location: 2F
2-2: Ball
3-2: Strikes out swinging
Batting: LHB Wyatt Quick 0-0: Ball
1-0: Called Strike
Bob Blough steals 2nd base
1-1: Ball
2-1: Ball
3-1: Base on Balls
Batting: LHB Steve Chittick 0-0: Called Strike
0-1: Ball
1-1: Called Strike
Bob Blough steals 3rd base
Wyatt Quick to second
1-2: DOUBLE (Line Drive, 8RD, EV 96.9 MPH)
Bob Blough scores
Wyatt Quick scores
Batting: RHB Kiril Neuvel 0-0: Ground out 6-3 (Groundball, 56, EV 91.9 MPH)
Batting: LHB Eric Manchester 0-0: Swinging Strike
0-1: Foul Ball, location: 2F
0-2: Strikes out swinging
Top of the 3rd over - 2 runs, 2 hits, 0 errors, 1 left on base; Marquette 3 - Squirrel Hill 0
BOTTOM OF THE 3RD
Squirrel Hill Pierogis batting - Pitching for Marquette Miners : RHP Larry Henderson
Batting: RHB Cristóbal Arteaga 0-0: Called Strike
0-1: Fly out, F8 (Flyball, 89D, EV 106.2 MPH)
Batting: RHB Stu Roberts 0-0: Ball
1-0: Swinging Strike
1-1: Ground out U3 (Groundball, 34, EV 103.8 MPH)
Batting: LHB Luis Escribano 0-0: Called Strike
0-1: SINGLE (Groundball, 4S, EV 65.6 MPH) (infield hit)
Batting: RHB Ramón Gabriel 0-0: Called Strike
0-1: Hit by Pitch
Luis Escribano to second
Batting: SHB Aubrey Magee 0-0: Swinging Strike
0-1: Called Strike
0-2: Ball
1-2: Foul Ball, location: 2F
1-2: Fly out, F9 (Line Drive, 9, EV 93.1 MPH)
Bottom of the 3rd over - 0 runs, 1 hit, 0 errors, 2 left on base; Marquette 3 - Squirrel Hill 0
TOP OF THE 4TH
Marquette Miners batting - Pitching for Squirrel Hill Pierogis : RHP Paco Gómez
Batting: RHB Jesús Méndez 0-0: Ball
1-0: Called Strike
1-1: Reached on error, E6 (Groundball, 56, EV 105.6 MPH)
Batting: RHB Martin Payton 0-0: Fly out, F8 (Flyball, 8RS, EV 83.8 MPH)
Batting: RHB Kent Potter 0-0: Ball
Jesús Méndez steals 2nd base
1-0: Called Strike
1-1: Foul Ball, location: 2F
1-2: Ball
2-2: Ball
3-2: Base on Balls
Batting: LHB Bob Blough 0-0: Called Strike
0-1: Ball
1-1: Ball
2-1: Foul Ball, location: 2F
2-2: Strikes out swinging
Batting: LHB Leslie Small 0-0: Ball
1-0: Called Strike
1-1: Ground out U3 (Groundball, 3L, EV 92.5 MPH)
Top of the 4th over - 0 runs, 0 hits, 1 error, 2 left on base; Marquette 3 - Squirrel Hill 0
BOTTOM OF THE 4TH
Squirrel Hill Pierogis batting - Pitching for Marquette Miners : RHP Larry Henderson
Batting: RHB Jerry Williams 0-0: Ball
1-0: Foul Ball, location: 2F
1-1: Fly out, F8 (Flyball, 89M, EV 93.8 MPH)
Batting: LHB Adam Bisset 0-0: Ball
1-0: Ground out 5-3 (Groundball, 56, EV 107.5 MPH)
Batting: RHB Barend Huijbregts 0-0: Fly out, F7 (Flyball, 7, EV 92.5 MPH)
Bottom of the 4th over - 0 runs, 0 hits, 0 errors, 0 left on base; Marquette 3 - Squirrel Hill 0
TOP OF THE 5TH
Marquette Miners batting - Pitching for Squirrel Hill Pierogis : RHP Paco Gómez
Batting: LHB Wyatt Quick 0-0: Ball
1-0: Ball
2-0: Ball
3-0: Called Strike
3-1: Called Strike
3-2: Base on Balls
Batting: LHB Steve Chittick 0-0: Foul Ball, location: 2F
0-1: Swinging Strike
0-2: Strikes out swinging
Pitching: LHP Mutu Kirra
Batting: RHB Kiril Neuvel 0-0: Called Strike
0-1: Ball
1-1: Called Strike
1-2: Strikes out swinging
Batting: LHB Eric Manchester 0-0: Ball
1-0: Called Strike
1-1: Ball
2-1: Ball
3-1: SINGLE (Line Drive, 7S, EV 112.5 MPH)
Wyatt Quick to second
Batting: RHB Jesús Méndez 0-0: Ball
1-0: Ground out 1-3 (Groundball, P, EV 86.9 MPH)
Top of the 5th over - 0 runs, 1 hit, 0 errors, 2 left on base; Marquette 3 - Squirrel Hill 0
BOTTOM OF THE 5TH
Squirrel Hill Pierogis batting - Pitching for Marquette Miners : RHP Larry Henderson
Batting: LHB Ramiro Palmeiro 0-0: Ball
1-0: Called Strike
1-1: Foul Ball, location: 2F
1-2: Foul Ball, location: 2F
1-2: Ball
2-2: Foul Ball, location: 2F
2-2: Ground out 6-3 (Groundball, 6, EV 84.4 MPH)
Batting: RHB Cristóbal Arteaga 0-0: Ground out 1-3 (Groundball, P, EV 90.0 MPH)
Batting: RHB Stu Roberts 0-0: Called Strike
0-1: Swinging Strike
0-2: Strikes out swinging, 2-3 out at first.
Bottom of the 5th over - 0 runs, 0 hits, 0 errors, 0 left on base; Marquette 3 - Squirrel Hill 0
TOP OF THE 6TH
Marquette Miners batting - Pitching for Squirrel Hill Pierogis : LHP Mutu Kirra
Batting: RHB Martin Payton 0-0: Swinging Strike
0-1: Fly out, F8 (Line Drive, 8RM, EV 93.8 MPH)
Batting: RHB Kent Potter 0-0: Called Strike
0-1: Ball
1-1: Ball
2-1: Ball
3-1: Base on Balls
Batting: LHB Bob Blough 0-0: Ball
1-0: Ball
2-0: Called Strike
2-1: Swinging Strike
2-2: Strikes out swinging
Batting: LHB Leslie Small 0-0: Called Strike
0-1: Ball
1-1: Swinging Strike
1-2: Ball
2-2: Strikes out swinging
Top of the 6th over - 0 runs, 0 hits, 0 errors, 1 left on base; Marquette 3 - Squirrel Hill 0
BOTTOM OF THE 6TH
Squirrel Hill Pierogis batting - Pitching for Marquette Miners : RHP Larry Henderson
Batting: LHB Luis Escribano 0-0: Called Strike
0-1: Ground out 4-3 (Groundball, 4MS, EV 65.0 MPH)
Batting: RHB Ramón Gabriel 0-0: Swinging Strike
0-1: Swinging Strike
0-2: Ground out U3 (Groundball, 34, EV 83.1 MPH)
Batting: SHB Aubrey Magee 0-0: Ball
1-0: Called Strike
1-1: TRIPLE (Groundball, 3L, EV 103.1 MPH)
Batting: RHB Jerry Williams 0-0: Called Strike
0-1: SINGLE (Groundball, 6MD, EV 104.4 MPH)
Aubrey Magee scores
Batting: LHB Adam Bisset 0-0: Called Strike
0-1: Swinging Strike
0-2: Foul Ball, location: 2F
0-2: Ball
1-2: Foul Ball, location: 2F
1-2: Ball
2-2: Strikes out swinging
Bottom of the 6th over - 1 run, 2 hits, 0 errors, 1 left on base; Marquette 3 - Squirrel Hill 1
TOP OF THE 7TH
Marquette Miners batting - Pitching for Squirrel Hill Pierogis : LHP Mutu Kirra
Batting: LHB Wyatt Quick 0-0: Called Strike
0-1: Foul Ball, location: 2F
0-2: Ground out U3 (Groundball, 34, EV 90.0 MPH)
Pitching: LHP Fernando Alou
Batting: LHB Steve Chittick 0-0: Ball
1-0: Ground out 4-3 (Groundball, 4, EV 108.1 MPH)
Batting: RHB Kiril Neuvel 0-0: Ball
1-0: Called Strike
1-1: Ball
2-1: Ball
3-1: SINGLE (Groundball, 34, EV 102.5 MPH) (infield hit)
Batting: LHB Eric Manchester 0-0: Called Strike
0-1: Ball
1-1: Ball
2-1: Ball
3-1: SINGLE (Line Drive, 34D, EV 101.9 MPH)
Kiril Neuvel to second
Batting: RHB Jesús Méndez 0-0: Called Strike
0-1: Ground out U3 (Groundball, 3, EV 92.5 MPH)
Top of the 7th over - 0 runs, 2 hits, 0 errors, 2 left on base; Marquette 3 - Squirrel Hill 1
BOTTOM OF THE 7TH
Squirrel Hill Pierogis batting - Pitching for Marquette Miners : RHP Larry Henderson
Batting: RHB Barend Huijbregts 0-0: Called Strike
0-1: Fly out, F2 (Popup, 2R, EV 89.4 MPH)
Batting: LHB Ramiro Palmeiro 0-0: Called Strike
0-1: Foul Ball, location: 2F
0-2: Ball
1-2: Foul Ball, location: 2F
1-2: Ball
2-2: Foul Ball, location: 2F
2-2: Ground out U3 (Groundball, 34, EV 101.9 MPH)
Batting: RHB Cristóbal Arteaga 0-0: Ball
1-0: Called Strike
1-1: Foul Ball, location: 2F
1-2: Strikes out looking
Bottom of the 7th over - 0 runs, 0 hits, 0 errors, 0 left on base; Marquette 3 - Squirrel Hill 1
TOP OF THE 8TH
Marquette Miners batting - Pitching for Squirrel Hill Pierogis : LHP Fernando Alou
Batting: RHB Martin Payton 0-0: Ball
1-0: Ball
2-0: Fly out, F8 (Flyball, 8RXD, EV 96.2 MPH)
Batting: RHB Kent Potter 0-0: Ball
1-0: SINGLE (Groundball, 6D, EV 98.8 MPH)
Batting: LHB Bob Blough 0-0: Foul Ball, location: 2F
0-1: Foul Ball, location: 2F
0-2: Ball
1-2: Fly out, F9 (Flyball, 9LS, EV 86.9 MPH)
Batting: LHB Leslie Small 0-0: Ball
1-0: Called Strike
1-1: Called Strike
1-2: Ball
2-2: Foul Ball, location: 2F
2-2: Strikes out swinging
Top of the 8th over - 0 runs, 1 hit, 0 errors, 1 left on base; Marquette 3 - Squirrel Hill 1
BOTTOM OF THE 8TH
Squirrel Hill Pierogis batting - Pitching for Marquette Miners : RHP Larry Henderson
Batting: RHB Stu Roberts 0-0: Called Strike
0-1: Swinging Strike
0-2: SINGLE (Groundball, 34D, EV 98.1 MPH)
Batting: LHB Luis Escribano 0-0: Called Strike
0-1: Ball
1-1: Ball
2-1: Grounds into double play, 5-4-3 (Groundball, 56, EV 100.0 MPH)
Batting: RHB Ramón Gabriel 0-0: Foul Ball, location: 2F
0-1: Ground out 4-3 (Groundball, 34, EV 84.4 MPH)
Bottom of the 8th over - 0 runs, 1 hit, 0 errors, 0 left on base; Marquette 3 - Squirrel Hill 1
TOP OF THE 9TH
Marquette Miners batting - Pitching for Squirrel Hill Pierogis : LHP Fernando Alou
Batting: LHB Wyatt Quick 0-0: Ball
1-0: Ball
2-0: Ball
3-0: Called Strike
3-1: SINGLE (Groundball, 4, EV 77.5 MPH) (infield hit)
Batting: LHB Steve Chittick 0-0: Foul Ball, location: 2F
0-1: Called Strike
0-2: Ball
1-2: Foul Ball, location: 2F
1-2: Strikes out swinging
Batting: RHB Kiril Neuvel 0-0: Fly out, F8 (Line Drive, 8RM, EV 93.8 MPH)
Batting: LHB Eric Manchester 0-0: Ball
1-0: Called Strike
1-1: Ball
2-1: Fly out, F9 (Flyball, 89M, EV 91.2 MPH)
Top of the 9th over - 0 runs, 1 hit, 0 errors, 1 left on base; Marquette 3 - Squirrel Hill 1
BOTTOM OF THE 9TH
Squirrel Hill Pierogis batting - Pitching for Marquette Miners : RHP Larry Henderson
Pitching: RHP Carl Cooper
Batting: SHB Aubrey Magee 0-0: Foul Ball, location: 2F
0-1: Ball
1-1: Foul Ball, location: 2F
1-2: Ball
2-2: Ball
3-2: SINGLE (Flyball, 89S, EV 93.8 MPH)
Batting: RHB Jerry Williams 0-0: Ball
1-0: Ball
2-0: Called Strike
2-1: Ball
3-1: Called Strike
3-2: Grounds into double play, 6-4-3 (Groundball, 6M, EV 86.2 MPH)
Batting: LHB Adam Bisset 0-0: Called Strike
0-1: Ground out 6-3 (Groundball, 6, EV 83.8 MPH)
Bottom of the 9th over - 0 runs, 1 hit, 0 errors, 0 left on base; Marquette 3 - Squirrel Hill 1
Tuesday, January 5th, 2021 - OOTP Baseball 20.8 Build 74